 Dungeon Crawl Stone Soup version 0.30.0-29-ga12c61a403 (webtiles) character file.

Game seed: 16990885239188869678

4475 Chilbo the Frost Mage (level 10, -3/50 HPs)
             Began as a Deep Elf Ice Elementalist on June 12, 2023.
             Was a Follower of Sif Muna.
             Slain by an efreet
             ... wielding a +1 scimitar of flaming
              (9 damage)
             ... on level 3 of the Abyss.
             The game lasted 01:26:51 (7986 turns).

Chilbo the Frost Mage (Deep Elf Ice Elementalist)   Turns: 7986, Time: 01:26:51

Health: -3/50      AC: 12    Str:  7    XL:     10   Next: 15%
Magic:  20/29      EV: 13    Int: 25    God:    Sif Muna [*.....]
Gold:   277        SH:  5    Dex: 21    Spells: 7/20 levels left

rFire   . . .        a - +2 dagger (vamp)
rCold   . . .        (no shield)
rNeg    . . .        M - +0 steam dragon scales
rPois   .            v - +2 helmet of Lejohifu {Regen+ Int+2}
rElec   .            C - +0 cloak
rCorr   .            z - +2 pair of gloves
SInv    .            (no boots)
Will    +....        h - amulet of reflection
Stlth   ++++         p - +6 ring of dexterity
HPRegen 1.08/turn    F - ring of magical power
MPRegen 0.21/turn

%: reflection
@: no status effects
A: no striking features
a: Renounce Religion, Channel Magic


You were on level 3 of the Abyss.
You worshipped Sif Muna.
Sif Muna was aware of your devotion.
You visited 2 branches of the dungeon, and saw 10 of its levels.
You visited the Abyss 1 time.

You collected 424 gold pieces.
You spent 147 gold pieces at shops.

Inventory:

Hand Weapons
 a - a +2 vampiric dagger (weapon)
 H - the +8 hand axe "Hakosh" {heavy, *Rage rF+ rC+}
   (You found it on level 5 of the Dungeon)

   rF:        It protects you from fire.
   rC:        It protects you from cold.
   *Rage:     It berserks you when you make melee attacks (+20% chance).
Missiles
 u - 13 atropa-tipped darts (quivered)
 B - 24 poisoned darts
 E - 6 boomerangs
Armour
 v - the +2 helmet of Lejohifu (worn) {Regen+ Int+2}
   (You found it on level 4 of the Dungeon)

   Int:       It affects your intelligence (+2).
   Regen:     It increases your rate of health regeneration.
 z - a +2 pair of gloves (worn)
 C - a +0 cloak (worn)
 M - +0 steam dragon scales (worn)
Jewellery
 h - an amulet of reflection (around neck)
 p - a +6 ring of dexterity (left hand)
 w - a ring of ice
 y - a ring of resist corrosion
 F - a ring of magical power (right hand)
 K - a ring of wizardry
 N - a ring of flight
Wands
 x - a wand of flame (13)
Scrolls
 d - 2 scrolls of magic mapping
 e - 6 scrolls of identify
 g - a scroll of blinking
 i - 2 scrolls of enchant weapon
 j - 5 scrolls of immolation
 m - 2 scrolls of fog {unknown}
 n - 9 scrolls of teleportation
 A - a scroll of poison {unknown}
 D - a scroll of butterflies {unknown}
 I - a scroll of enchant armour {unknown}
Potions
 b - a potion of magic
 c - 6 potions of haste
 f - 3 potions of curing {unknown}
 k - a potion of resistance
 l - a potion of invisibility {unknown}
 o - a potion of might
 q - a potion of lignification
 r - a potion of cancellation
 s - a potion of attraction
 t - a potion of heal wounds
 G - 2 potions of brilliance
 J - 2 potions of mutation {unknown}
 L - a potion of flight


   Skills:
 - Level 2.4 Dodging
 + Level 6.9 Stealth
 * Level 5.8 Spellcasting
 - Level 2.1 Hexes
 + Level 9.3 Summonings
 + Level 11.9 Ice Magic


You had 7 spell levels left.
You knew the following spells:

 Your Spells              Type           Power      Damage    Failure   Level
a - Freeze                Ice            100%       1d10      1%          1
b - Ensorcelled Hibernat  Hex/Ice        84%        N/A       1%          2
c - Frozen Ramparts       Ice            100%       1d16      1%          3
d - Ozocubu's Armour      Ice            61%        N/A       1%          3
e - Summon Ice Beast      Ice/Summ       57%        N/A       1%          4

Your spell library contained the following spells:

 Spells                   Type           Power      Damage    Failure   Level
 Summon Small Mammal      Summ           100%       N/A       1%          1
 Call Canine Familiar     Summ           52%        N/A       1%          3
 Summon Guardian Golem    Hex/Summ       36%        N/A       2%          3
 Apportation              Tloc           14%        N/A       8%          1
 Passwall                 Tmut/Erth      5%         N/A       12%         2
 Inner Flame              Hex/Fire       12%        N/A       14%         3
 Summon Mana Viper        Hex/Summ       36%        N/A       21%         5
 Gell's Gravitas          Tloc           7%         N/A       22%         3
 Swiftness                Air            7%         N/A       22%         3
 Teleport Other           Tloc           7%         N/A       22%         3
 Yara's Violent Unravell  Hex/Tmut       6%         3d5       80%         5
 Monstrous Menagerie      Summ           26%        N/A       80%         7
 Alistair's Intoxication  Tmut/Pois      4%         N/A       91%         5
 Dispersal                Tloc           3%         N/A       100%        6
 Enfeeble                 Hex            9%         N/A       100%        7


Dungeon Overview and Level Annotations

Branches:
Dungeon (9/15)             Temple (1/1) D:6            Lair (0/5) D:9
    Orc: D:9-12

Altars:
Dithmenos
Fedhas
Gozag
Kikubaaqudgha
Nemelex Xobeh
Okawaru
Sif Muna
Trog
Uskayaw
Wu Jian
Zin
The Shining One

Shops:
D:7 =   D:8 ?

Annotations:
D:4 Grinder
D:7 3 runed translucent doors, hawla's ghost, novice MeFE
D:9 3 runed translucent doors, Tirrikindir's ghost, novice GrBe


Message History

Confirm with . or Enter, or press ? or * to list all spells.
Aiming: Ensorcelled Hibernation (safe; 1% risk of failure)
Press: ? - help, Shift-Dir - straight line, f/p - efreet
Aim: an efreet, wielding a +1 scimitar of flaming (heavily wounded, chance to affect: 67%)
The efreet looks drowsy...
The fire bat is frozen!
The wall freezes the fire bat.
The fire bat bites you but does no damage.
The efreet is frozen!
The wall freezes the efreet!
The wall freezes the fire bat but does no damage.
Unknown command.
The frozen ramparts melt away as you move.
The efreet completely misses you. The fire bat closely misses you.
Casting: Ensorcelled Hibernation (safe; 1% risk of failure)
Confirm with . or Enter, or press ? or * to list all spells.
Aiming: Ensorcelled Hibernation (safe; 1% risk of failure)
Press: ? - help, Shift-Dir - straight line, f/p - efreet
Aim: an efreet, wielding a +1 scimitar of flaming (severely wounded, not susceptible)
The efreet is unaffected.
The fire bat bites you but does no damage.
The fire bat closely misses you. The efreet gestures at you.
The fireball explodes!
The fireball engulfs you!!
* * * LOW HITPOINT WARNING * * *
The fireball engulfs the efreet.
The efreet completely resists.
The fireball engulfs the fire bat.
The fire bat completely resists.
You hear a roar! x2
The efreet attacks as you move away! The efreet barely misses you.
The fire bat closely misses you.
A small abomination comes into view.
The small abomination hits you.
* * * LOW HITPOINT WARNING * * *
You completely miss the small abomination.
The small abomination closely misses you.
You block the efreet's attack.
Unknown command.
You hit the small abomination.
The small abomination is lightly damaged.
The small abomination barely misses you.
The efreet hits you with a +1 scimitar of flaming!
You die...

. .# ####
....####..#.# #
#....#@x.# ..#
######.R###...#
#### #.....○##
.# . #.#
####.○#.# .#.#
#..#..## #..# #
#.#.##. # ..##
##....#### #..
#.#... ..# #.#
..##.###.##


You could see an efreet and a small abomination.

Vanquished Creatures
  3 wyverns (D:8)
  Eustachio (D:6)
  6 yaks (D:8)
  2 fire bats (Abyss:3)
  A steam dragon (D:8)
  3 wargs (D:9)
  A water moccasin (D:7)
  An ice beast (D:7)
  A sky beast (D:6)
  An orc warrior (D:8)
  An ogre (D:4)
  2 kobold brigands
  3 bullfrogs
  2 scorpions
  12 killer bees
  4 hounds
  5 orc priests
  A jelly (D:6)
  3 iguanas
  2 sleepcaps
  Ijyb (D:4)
  3 orc wizards
  7 adders
  2 shadow imps (D:7)
  A white imp (D:6)
  An ufetubus (D:4)
  3 worms (D:2)
  29 orcs
  3 endoplasms
  5 giant cockroaches
  9 goblins
  7 hobgoblins
  2 jackals (D:2)
  7 ball pythons
  5 bats
  2 frilled lizards
  11 kobolds
  5 rats
158 creatures vanquished.

Vanquished Creatures (collateral kills)
  A water moccasin (D:7)
  A white imp (D:7)
2 creatures vanquished.

Vanquished Creatures (others)
  A wizard (D:5)
1 creature vanquished.

Grand Total: 161 creatures vanquished

Notes
Turn   | Place    | Note
-------+----------+-------------------------------------------
     0 | D:1      | Chilbo the Deep Elf Ice Elementalist began the quest for
                  | the Orb.
     0 | D:1      | Reached XP level 1. HP: 10/10 MP: 6/6
   219 | D:1      | Reached XP level 2. HP: 14/15 MP: 5/8
   233 | D:1      | Reached skill level 5 in Ice Magic
   681 | D:1      | Learned a level 2 spell: Ensorcelled Hibernation
   830 | D:2      | Reached XP level 3. HP: 19/19 MP: 9/9
  1041 | D:2      | Learned a level 3 spell: Frozen Ramparts
  1358 | D:2      | Reached XP level 4. HP: 21/24 MP: 0/10
  1499 | D:2      | Reached skill level 6 in Ice Magic
  1926 | D:2      | Learned a level 3 spell: Ozocubu's Armour
  2034 | D:3      | Found a faded altar of an unknown god.
  2710 | D:3      | Reached XP level 5. HP: 28/28 MP: 6/11
  2868 | D:4      | Reached skill level 7 in Ice Magic
  2917 | D:4      | Identified the +2 helmet of Lejohifu {Regen+ Int+2}
  3115 | D:4      | Noticed Ijyb
  3124 | D:4      | Killed Ijyb
  3125 | D:4      | Reached XP level 6. HP: 32/32 MP: 8/12
  3187 | D:4      | Noticed Grinder
  3226 | D:4      | Reached skill level 5 in Stealth
  3226 | D:4      | Reached skill level 1 in Hexes
  3333 | D:5      | Entered Level 5 of the Dungeon
  3694 | D:5      | Identified the +8 hand axe "Hakosh" {heavy, *Rage rF+ rC+}
  3778 | D:5      | Found a bloodstained altar of Trog.
  3781 | D:5      | Noticed a wizard
  3787 | D:5      | Killed a wizard
  3960 | D:6      | Noticed a sky beast
  4040 | D:6      | Noticed Eustachio
  4050 | D:6      | Killed Eustachio
  4051 | D:6      | Reached XP level 7. HP: 35/36 MP: 7/13
  4182 | D:6      | Reached skill level 8 in Ice Magic
  4444 | D:6      | Found a staircase to the Ecumenical Temple.
  4453 | Temple   | Entered the Ecumenical Temple
  4457 | Temple   | Became a worshipper of Sif Muna the Loreminder
  5057 | D:6      | Reached XP level 8. HP: 41/41 MP: 10/14
  5176 | D:6      | Learned a level 4 spell: Summon Ice Beast
  5254 | D:7      | Found a runed translucent gate.
  5254 | D:7      | Found a runed translucent gate.
  5493 | D:7      | Reached skill level 9 in Ice Magic
  5516 | D:7      | Reached skill level 5 in Summonings
  5562 | D:7      | Found Othribu's Jewellery Shop.
  5658 | D:7      | Found a runed translucent gate.
  5659 | D:7      | Noticed hawla's ghost (novice MeFE)
  5852 | D:7      | Noticed a kobold demonologist
  6311 | D:8      | Reached skill level 10 in Ice Magic
  6493 | D:8      | Reached XP level 9. HP: 45/45 MP: 5/15
  6676 | D:8      | Found Viunnokheti's Magic Scroll Shop.
  6681 | D:8      | Bought a scroll of enchant weapon for 105 gold pieces
  6681 | D:8      | Bought a scroll of teleportation for 42 gold pieces
  6705 | D:8      | Reached * piety under Sif Muna
  6878 | D:8      | Reached skill level 11 in Ice Magic
  7258 | D:9      | Found a runed translucent gate.
  7258 | D:9      | Found a runed translucent gate.
  7258 | D:9      | Found a runed translucent gate.
  7316 | D:9      | Found a staircase to the Lair.
  7548 | D:9      | Noticed Tirrikindir's ghost (novice GrBe)
  7654 | D:9      | Reached skill level 5 in Spellcasting
  7654 | D:9      | Reached XP level 10. HP: 43/50 MP: 19/19
  7749 | D:9      | Found an opulent altar of Gozag.
  7821 | D:9      | Found a shadowy altar of Dithmenos.
  7872 | D:9      | Found a hide-covered altar of Uskayaw.
  7874 | D:9      | Found an ancient bone altar of Kikubaaqudgha.
  7875 | D:9      | Found a glowing silver altar of Zin.
  7875 | D:9      | Found an ornate altar of the Wu Jian Council.
  7875 | D:9      | Found a sparkling altar of Nemelex Xobeh.
  7898 | D:9      | Found a hide-covered altar of Uskayaw.
  7898 | D:9      | Noticed a wizard
  7919 | Abyss:3  | Cast into level 3 of the Abyss (a wizard)
  7986 | Abyss:3  | Slain by an efreet

Illustrated notes

Levels and vault maps discovered:
D:1:      heliophobic_arrival_glass_houses, layout_rooms, st_stairs_8,
          minivault_23
D:2:      layout_loops_corners, hex_medium
D:3:      layout_basic, serial_rivers, chequers_serial_rivers_large_a,
          chequers_serial_rivers_small_b, chequers_serial_rivers_marsh,
          chequers_serial_rivers_small_a, hellmonk_ecumenical_altar_blasted,
          hangedman_decor_opposing, dk_noncrumbling_3
D:4:      layout_cave_pools, minmay_fountain_box, dk_noncrumbling_4, uniq_ijyb,
          uniq_grinder
D:5:      layout_basic, trog_wizard
D:6:      mumra_celtic_spiral_tile, layout_basic, minmay_temple_entry_crystal_x,
          uniq_eustachio
D:7:      layout_cave_pods, gammafunk_ghost_nasty_kobolds, serial_shops, shop,
          corexii_hall_statues_x, minivault_24, minmay_misc_feat_enclosed
D:8:      layout_loops_ring, serial_shops, shop_statue
D:9:      lemuel_ice_spiral_2, layout_irregular_city,
          grunt_temple_overflow_open, erik_lair_orcish_takeover,
          gammafunk_ghost_icy, minivault_23, hangedman_feature_mirror
Temple:   compressed_dpeg_circular_temple
Abyss:3:  base: D:1, small_statue_intersection,
          hangedman_abyss_or_decor_stagger, serial_sigils_hangedman_gut,
          minivault_20

Skill      XL: |  1  2  3  4  5  6  7  8  9 |
---------------+----------------------------+-----
Ice Magic      | 5 6 7 8 10 11 | 11.9
Stealth        | 3 4 6 |  6.9
Hexes          | 2 |  2.1
Summonings     | 2 4 7 9 |  9.3
Spellcasting   | 5 |  5.8
Dodging        | |  2.4

Action                     |  1- 3 |  4- 6 |  7- 9 | 10-12 || total
---------------------------+-------+-------+-------+-------++-------
  Melee: Unarmed           |     4 |       |       |       ||     4
         Hand axe          |     7 |       |       |       ||     7
         Dagger            |    15 |    29 |    55 |     8 ||   107
         Punch             |       |       |     1 |       ||     1
  Throw: Boomerang         |     9 |       |       |       ||     9
         Dart              |       |     1 |     9 |       ||    10
   Cast: Freeze            |    47 |    46 |    48 |     6 ||   147
         Ensorcelled Hiber |     8 |    24 |    28 |     5 ||    65
         Frozen Ramparts   |       |     7 |    12 |     3 ||    22
         Ozocubu's Armour  |       |       |     6 |       ||     6
         Summon Ice Beast  |       |       |     4 |       ||     4
    Use: Scroll            |     1 |     3 |     6 |       ||    10
         Potion            |       |     1 |       |       ||     1
   Stab: Sleeping          |     8 |    20 |    24 |     1 ||    53
         Distracted        |       |       |     1 |       ||     1
 Armour: Robe              |    10 |     4 |    13 |       ||    27
         Steam dragon scal |       |       |    12 |    12 ||    24
  Dodge: Dodged            |    30 |    20 |    41 |    17 ||   108
  Block: Other             |       |    15 |    18 |     4 ||    37
